 Dungeon Crawl Stone Soup version 0.21-a0-536-gdbbf329 (webtiles) character file.

4323 kae the Geomancer (level 10, -5/84 HPs)
             Began as a Gargoyle Earth Elementalist on Dec 14, 2017.
             Killed from afar by a gargoyle (27 damage)
             ... with a stone arrow
             ... on level 6 of the Dungeon.
             The game lasted 00:10:26 (9764 turns).

kae the Geomancer (Gargoyle Earth Elementalist)     Turns: 9764, Time: 00:10:27

Health: -5/84      AC: 25    Str: 13    XL:     10   Next: 33%
Magic:  20/20      EV:  2    Int: 20    God:
Gold:   281        SH:  0    Dex: 15    Spells: 10/23 levels left

rFire    . . .     SeeInvis +   i - +1 dagger
rCold    . . .     Gourm    .   (no shield)
rNeg     + + +     Faith    .   (armour currently unavailable)
rPois    ∞         Spirit   .   (helmet currently unavailable)
rElec    .         Reflect  .   (cloak currently unavailable)
rCorr    .         Harm     .   (gloves currently unavailable)
MR       .....     NoTele   +   (boots currently unavailable)
Stlth    ++........             (no amulet)
HPRegen  0.24/turn              j - +2 ring of intelligence
MPRegen  0.17/turn              (no ring)

@: confused, agile, tree-form
A: see invisible, negative energy resistance 1, sense surroundings 1,
petrification resistance, rot immunity, AC +7
a: no special abilities


You were on level 6 of the Dungeon.
You were hungry.
You were a tree.
You visited 1 branch of the dungeon, and saw 7 of its levels.
You also visited: Sewer.

You collected 281 gold pieces.

Inventory:

Hand Weapons
 i - a +1 dagger (weapon)
Armour
 c - a +0 robe (melded)
 y - a +0 cloak (melded)
Jewellery
 j - a +2 ring of intelligence (left branch)
 m - an uncursed amulet of guardian spirit
 n - an uncursed amulet of harm
Wands
 a - a wand of iceblast (4)
 p - a wand of flame (39)
 s - a wand of random effects (12)
 u - a wand of polymorph (11)
Scrolls
 k - 4 scrolls of teleportation
 q - 2 scrolls of enchant weapon
 w - a scroll of magic mapping
 D - a scroll of identify
Potions
 f - 4 potions of heal wounds
 g - 2 potions of agility
 h - 2 potions of lignification
 t - 5 potions of brilliance
 v - 3 potions of mutation
 x - a potion of ambrosia
 z - 7 potions of curing {unknown}
 A - a potion of berserk rage {unknown}
 C - a potion of might {unknown}
Books
 e - a book of Geomancy

   Spells                             Type                      Level
   a - Sandblast                      Earth                        1
   b - Passwall                       Transmutation/Earth          2
   c - Stone Arrow                    Conjuration/Earth            3
   d - Petrify                        Transmutation/Earth          4
   e - Lee's Rapid Deconstruction     Earth                        5
Comestibles
 d - 4 bread rations
 l - 7 royal jellies
 o - 4 fruits
 r - 5 meat rations
 B - 3 chunks of flesh


   Skills:
 + Level 3.9 Fighting
 + Level 3.4 Dodging
 - Level 2.1 Stealth
 + Level 7.2 Spellcasting
 * Level 5.7 Conjurations
 - Level 0.7 Transmutations
 + Level 12.2 Earth Magic


You had 10 spell levels left.
You knew the following spells:

 Your Spells              Type           Power        Failure   Level  Hunger
a - Sandblast             Erth           ######       1%          1    None
b - Stone Arrow           Conj/Erth      #####.       1%          3    #......
c - Lee's Rapid Deconstr  Erth           ######....   1%          5    #####..
d - Petrify               Tmut/Erth      ####....     6%          4    ###....


Dungeon Overview and Level Annotations

Branches:
Dungeon (7/15)             Temple (0/1) D:7

Altars:
Ashenzari
Gozag
Makhleb
Sif Muna
Xom
Yredelemnul
The Shining One


Innate Abilities, Weirdness & Mutations

You are resistant to torment.
((Your stone body is resilient. (AC +7)))
You are immune to poison.
You resist negative energy. (rN+)
((You are resistant to electric shocks. (rElec)))
((You can survive without breathing.))
You are immune to petrification.
You are immune to rotting.
You have supernaturally acute eyesight. (SInv)
You passively map a small area around you.


Message History

* * * LOW HITPOINT WARNING * * *
You cannot move. (Use ctrl+direction to attack without moving.)
You cannot move. (Use ctrl+direction to attack without moving.)
You cannot move. (Use ctrl+direction to attack without moving.)
The gargoyle hits you with a flail!
* * * LOW HITPOINT WARNING * * *
The gargoyle hurls a stone arrow at you.
Helpless, you fail to dodge the stone arrow.
* * * LOW HITPOINT WARNING * * *
The gargoyle hits you but does no damage.
The gargoyle hurls a stone arrow at you.
The stone arrow hits you!
* * * LOW HITPOINT WARNING * * *
The gargoyle hurls a stone arrow at you.
Helpless, you fail to dodge the stone arrow.
The gargoyle hits you but does no damage.
The gargoyle hits you but does no damage.
The gargoyle hurls a stone arrow at you.
Helpless, you fail to dodge the stone arrow.
You die...

#.##.#....#...#.# ###..
#.##.#.#..#)..#.# ##....
#.##..........#.# #..###
####.#####.#######.# #..#..
#)...............#.###.....
##########..............#..
##.#####.#.#####.#.##...###
#........#.#####.#.##......
##.#####.#♣.........+......
#.# #.#.9.....#.##......
#.# ##.#######.#.##......
#.# #.....(.##.#.##......
#.# #..........#.##......
#.####.#####.####.########
#......#.....# #.# #####
#########.########.# #....
#..................# #....


You could see a gargoyle.

Vanquished Creatures
  A troll (D:7)
  Prince Ribbit (D:7)
  Grinder (D:4)
  Sigmund (D:2)
  A yak (D:7)
  3 hogs (D:7)
  A human (D:7)
  Menkaure (D:4)
  Edmund (D:4)
  A water moccasin (D:6)
  3 phantoms
  2 orc warriors (D:6)
  A sky beast (D:5)
  An ice beast (D:6)
  An ogre (D:7)
  2 centaurs
  2 big kobolds
  2 bullfrogs
  A scorpion (D:4)
  A howler monkey (D:4)
  A crimson imp (D:3)
  A centaur zombie (D:6)
  3 orc priests
  3 jellies
  A bullfrog skeleton (D:7)
  4 hounds
  7 orc wizards
  Jessica (D:3)
  3 iguanas
  Terence (D:2)
  Natasha (twice) (D:2)
  6 worker ants
  A hound zombie (D:5)
  Robin (D:2)
  5 gnolls
  5 river rats
  11 adders
  A shadow imp (D:6)
  An ooze (D:3)
  An adder zombie (D:5)
  An adder skeleton (D:6)
  2 worms
  6 dart slugs
  4 leopard geckos
  12 orcs
  8 ball pythons
  9 bats
  7 giant cockroaches
  12 goblins
  5 hobgoblins
  17 jackals
  2 quokkas
  6 frilled lizards
  A jackal skeleton (D:7)
  33 kobolds
  A leopard gecko skeleton (D:4)
  2 quokka skeletons
  27 rats
242 creatures vanquished.

Vanquished Creatures (others)
  An orc wizard (D:7)
1 creature vanquished.

Grand Total: 243 creatures vanquished

Notes
Turn   | Place    | Note
-------+----------+-------------------------------------------
     0 | D:1      | kae the Gargoyle Earth Elementalist began the quest for the Orb.
     0 | D:1      | Reached XP level 1. HP: 10/10 MP: 3/3
    62 | D:1      | Reached skill level 4 in Earth Magic
    62 | D:1      | Reached XP level 2. HP: 5/15 MP: 1/5
   717 | D:1      | Reached XP level 3. HP: 14/19 MP: 6/6
   917 | D:1      | Learned a level 3 spell: Stone Arrow
  1032 | D:2      | Noticed Sigmund
  1038 | D:2      | Killed Sigmund
  1038 | D:2      | Reached skill level 6 in Earth Magic
  1038 | D:2      | Reached XP level 4. HP: 22/24 MP: 0/9
  1038 | D:2      | Reached XP level 5. HP: 26/28 MP: 0/10
  1156 | D:2      | Noticed Natasha
  1173 | D:2      | Killed Natasha
  1632 | D:2      | Reached XP level 6. HP: 30/32 MP: 7/11
  1655 | D:2      | Noticed Natasha
  1668 | D:2      | Killed Natasha
  1899 | D:2      | Reached skill level 7 in Earth Magic
  2095 | D:2      | Noticed Robin
  2296 | D:2      | Killed Robin
  2408 | D:2      | Noticed Terence
  2429 | D:2      | Killed Terence
  2507 | D:2      | Found a basalt altar of Yredelemnul.
  2510 | D:2      | Noticed a profane servitor
  2516 | D:2      | Found a glowing golden altar of the Shining One.
  2518 | D:2      | Noticed an angel
  3402 | D:3      | Reached XP level 7. HP: 25/36 MP: 0/13
  3705 | D:3      | Noticed Jessica
  3709 | D:3      | Killed Jessica
  3709 | D:3      | Reached skill level 8 in Earth Magic
  3946 | D:3      | Found a burning altar of Makhleb.
  3946 | D:3      | Found a shimmering altar of Xom.
  3990 | D:4      | Noticed Edmund
  4041 | D:4      | Killed Edmund
  4196 | D:4      | Noticed Grinder
  4200 | D:4      | Paralysed by Grinder for 3 turns
  4206 | D:4      | Reached skill level 9 in Earth Magic
  4209 | D:4      | Killed Grinder
  4209 | D:4      | Reached skill level 5 in Spellcasting
  4209 | D:4      | Reached XP level 8. HP: 28/41 MP: 9/15
  4340 | D:4      | Reached skill level 10 in Earth Magic
  4904 | D:4      | Noticed Menkaure
  4913 | D:4      | Killed Menkaure
  5430 | D:5      | Entered Level 5 of the Dungeon
  5630 | D:5      | Gained mutation: You passively map a small area around you. [potion of mutation]
  5630 | D:5      | Gained mutation: You have supernaturally acute eyesight. (SInv) [potion of mutation]
  5970 | D:5      | Reached skill level 11 in Earth Magic
  6427 | D:5      | Reached XP level 9. HP: 37/45 MP: 4/18
  6907 | D:6      | Learned a level 5 spell: Lee's Rapid Deconstruction
  6912 | D:6      | Learned a level 4 spell: Petrify
  6935 | D:6      | Found a shattered altar of Ashenzari.
  7038 | D:6      | Found an opulent altar of Gozag.
  7075 | D:6      | Reached skill level 1 in Conjurations
  7193 | D:6      | HP: 2/46 [orc warrior/scimitar (7)]
  7195 | D:6      | Reached skill level 1 in Fighting
  7272 | D:6      | Found a glowing drain.
  7324 | Sewer    | Entered a sewer
  9416 | D:7      | Noticed Prince Ribbit
  9423 | D:7      | Killed Prince Ribbit
  9423 | D:7      | Reached skill level 12 in Earth Magic
  9423 | D:7      | Reached XP level 10. HP: 45/56 MP: 4/20
  9438 | D:7      | Found a deep blue altar of Sif Muna.
  9519 | D:7      | Reached skill level 5 in Conjurations
  9646 | D:7      | Found a staircase to the Ecumenical Temple.
  9728 | D:7      | Noticed a gargoyle
  9764 | D:6      | Killed from afar by a gargoyle

Vault maps used:
D:1:      dpeg_arrival_leaves_temple_mockup, serial_park_tiny_2
D:2:      grunt_temple_overflow_holy_war, first_bread,
          hangedman_abyss_or_decor_lesser_grid, grunt_ministairs_11,
          hangedman_decor_points, uniq_natasha, uniq_robin, uniq_terence,
          uniq_sigmund
D:3:      grunt_temple_overflow_champion_of_chaos, uniq_jessica
D:4:      minmay_mini_jars, uniq_menkaure, uniq_edmund, uniq_grinder
D:6:      nicolae_gozag_cash_rules_everything_around_me,
          evilmike_ruin_ashenzari, portal_sewer_entry_c
D:7:      led_sif_book, minmay_temple_entry_from_below_a,
          nicolae_ossuary_entry_ruins, grunt_livestock, uniq_prince_ribbit1
Sewer:    sewer_minmay_treatment

Skill      XL: |  1  2  3  4  5  6  7  8  9 10 |
---------------+-------------------------------+-----
Earth Magic    | 4 6 7 9 11 12 | 12.2
Spellcasting   | 3 4 5 6 7 |  7.2
Conjurations   | 4 5 |  5.7
Fighting       | 3 |  3.9
Dodging        | 3 |  3.4
Stealth        | |  2.1
Transmutations | |  0.7

Action                   |  1- 3 |  4- 6 |  7- 9 | 10-12 || total
-------------------------+-------+-------+-------+-------++-------
Melee: Unarmed           |    17 |     4 |       |       ||    21
       Dagger            |    61 |   206 |   298 |    38 ||   603
 Cast: Sandblast         |    11 |    26 |    85 |    17 ||   139
       Stone Arrow       |       |    22 |   111 |    12 ||   145
       Lee's Rapid Decon |       |       |       |     1 ||     1
  Use: Scroll            |       |     8 |     6 |       ||    14
       Potion            |       |       |     2 |     5 ||     7
 Stab: Sleeping          |     3 |     3 |     4 |       ||    10
  Eat: Chunk             |     1 |     9 |    20 |     1 ||    31
       Royal jelly       |       |       |     1 |       ||     1
Armor: Robe              |    36 |   111 |   185 |    19 ||   351
       Skin              |       |     1 |       |     7 ||     8
Dodge: Dodged            |    61 |   181 |   328 |    31 ||   601

Table legend:
 A = Spawn XP
 B = Non-spawn XP
 C = Spawn XP percentage of total XP
 D = Spawn monster count
 E = Non-spawn monster count
 F = Spawn count percentage of total count
 G = Total turns spent on level
                    A         B        C        D         E        F      G
               +---------+---------+-------+---------+---------+-------+---------
         Total |       0 |    6177 |   0.0 |       0 |     243 |   0.0 |  9764
               +---------+---------+-------+---------+---------+-------+---------
           D:1 |       0 |      39 |   0.0 |       0 |      19 |   0.0 |  1032
           D:2 |       0 |     420 |   0.0 |       0 |      36 |   0.0 |  1683
           D:3 |       0 |     417 |   0.0 |       0 |      28 |   0.0 |  1316
           D:4 |       0 |    1073 |   0.0 |       0 |      28 |   0.0 |  1399
           D:5 |       0 |     620 |   0.0 |       0 |      22 |   0.0 |  1434
           D:6 |       0 |    1468 |   0.0 |       0 |      38 |   0.0 |  1266
           D:7 |       0 |    1916 |   0.0 |       0 |      24 |   0.0 |   378
         Sewer |       0 |     224 |   0.0 |       0 |      48 |   0.0 |  1256
               +---------+---------+-------+---------+---------+-------+---------
